 Dungeon Crawl Stone Soup version 0.27-a0-660-g90476cec82 (webtiles) character file.

Game seed: 14211586161350328610

758 jasper the Destroyer (level 8, -2/52 HPs)
             Began as a Human Wanderer on Mar 16, 2021.
             Was a Follower of Cheibriados.
             Slain by a lemure (7 damage)
             ... led by Pikel
             ... on level 6 of the Dungeon.
             The game lasted 00:07:10 (6956 turns).

jasper the Destroyer (Human Wanderer)               Turns: 6956, Time: 00:07:11

Health: -2/52      AC:  3    Str: 15    XL:     8   Next: 7%
Magic:  1/12       EV: 11    Int: 19    God:    Cheibriados [*.....]
Gold:   76         SH:  0    Dex: 15    Spells: 3/13 levels left

rFire    . . .     SeeInvis .   e - +5 whip (freeze)
rCold    . . .     Faith    .   (no shield)
rNeg     . . .     Spirit   .   d - +0 robe
rPois    .         Reflect  .   (no helmet)
rElec    .         Harm     .   c - +0 cloak
rCorr    .         Rampage  .   (no gloves)
Will     .....                  (no boots)
Stlth    +.........             (no amulet)
HPRegen  0.17/turn              r - ring of wizardry
MPRegen  0.13/turn              (no ring)

@: lethally poisoned (-2 -> -2), very slow
A: no striking features
a: Renounce Religion, Bend Time


You were on level 6 of the Dungeon.
You worshipped Cheibriados.
Cheibriados was aware of your devotion.
You visited 2 branches of the dungeon, and saw 7 of its levels.

You collected 284 gold pieces.
You spent 208 gold pieces at shops.

Inventory:

Hand Weapons
 a - a +0 club
 e - a +5 whip of freezing (weapon)
Missiles
 f - 6 silver javelins
Armour
 c - a +0 cloak (worn)
 d - a +0 robe (worn)
 l - a +1 scale mail of cold resistance
Jewellery
 r - a ring of wizardry (right hand)
 u - a ring of ice
Wands
 D - a wand of charming (11)
Scrolls
 g - 2 scrolls of magic mapping {unknown}
 i - 4 scrolls of identify {unknown}
 m - 2 scrolls of enchant armour {unknown}
 p - a scroll of teleportation {unknown}
 s - a scroll of enchant weapon
 v - a scroll of random uselessness {unknown}
 w - a scroll of noise {unknown}
 y - a scroll of amnesia {unknown}
 A - 3 scrolls of blinking {unknown}
Potions
 b - 2 potions of ambrosia {unknown}
 h - a potion of might {unknown}
 j - a potion of magic {unknown}
 k - 2 potions of curing
 n - a potion of attraction {unknown}
 o - 2 potions of brilliance {unknown}
 q - 3 potions of lignification {unknown}
 t - 2 potions of haste {unknown}
 x - a potion of flight {unknown}
 z - a potion of berserk rage {unknown}
 C - a potion of mutation {unknown}


   Skills:
 - Level 1.0 Shields
 - Level 3.0 Spellcasting
 + Level 8.6 Conjurations
 - Level 2.0 Ice Magic
 - Level 1.0 Air Magic
 - Level 1.0 Evocations


You had 3 spell levels left.
You knew the following spells:

 Your Spells              Type           Power      Damage    Failure   Level
a - Magic Dart            Conj           100%       1d8       1%          1
b - Searing Ray           Conj           70%        3d5       1%          2
c - Ozocubu's Armour      Ice            10%        N/A       9%          3
d - Iskenderun's Mystic   Conj/Tloc      19%        2d6       11%         4

Your spell library contained the following spells:

 Spells                   Type           Power      Damage    Failure   Level
 Freeze                   Ice            40%        1d6       2%          1
 Dazzling Flash           Conj/Hex       38%        N/A       3%          3
 Summon Small Mammal      Summ           8%         N/A       6%          1
 Summon Guardian Golem    Hex/Summ       2%         N/A       17%         3
 Fulminant Prism          Conj/Hex       9%         3d7       11%         4


Dungeon Overview and Level Annotations

Branches:
Dungeon (6/15)             Temple (1/1) D:4

Altars:
Ashenzari
Cheibriados
Dithmenos
Elyvilon
Fedhas
Gozag
Kikubaaqudgha
Makhleb
Nemelex Xobeh
Qazlal
Ru
Sif Muna
Uskayaw
Wu Jian
Xom
Yredelemnul
Zin
The Shining One
Lugonu

Shops:
D:5 ?!!

Portals:
Sewer: D:6

Annotations:
D:5 3 runed translucent doors, ShadowManNeo's ghost, amateur DrCj
D:6 Pikel


Message History

* * * LOW HITPOINT WARNING * * *
You take 2 damage, and have 13/52 hp.
You feel much better. The hound completely misses you.
You hear a zap.
You hear a grinding noise.
You regained 23 hp, and now have 36/52 hp.
Casting: Magic Dart (safe; 1% risk of failure)
Confirm with . or Enter, or press ? or * to list all spells.
Aiming: Searing Ray (safe; 1% risk of failure)
Press: ? - help, Shift-Dir - straight line, f - Pikel, p - hound
Aim: Pikel, wielding a +1 whip of freezing, wearing a +2 robe of willpower and carrying a wand of digging (1) (24% to evade)
The searing ray misses the lemure.
The searing ray hits Pikel!
Pikel is lightly wounded. (Press . to maintain the ray.)
You feel sick. The hound closely misses you. The hound bites you.
The adder bites you but does no damage.
You take 5 damage, and have 31/52 hp.
You now have 3/12 mp.
The searing ray hits the adder!
The adder is severely wounded.
The searing ray hits Pikel.
Pikel is moderately wounded.
The hound barely misses you. The adder bites you.
You take 3 damage, and have 28/52 hp.
You now have 2/12 mp.
The searing ray hits the adder.
You kill the adder!
Cheibriados appreciates the change of pace.
The searing ray hits Pikel.
Pikel is heavily wounded.
The hound barely misses you. The lemure hits you. The hound bites you.
The lemure hits you.
You take 12 damage, and have 16/52 hp.
MASSIVE DAMAGE!!
The searing ray hits the lemure.
The lemure is lightly wounded.
The searing ray hits Pikel but does no damage.
Pikel is heavily wounded.
You finish channeling your searing ray.
The hound bites you.
* * * LOW HITPOINT WARNING * * *
The lemure hits you!
* * * LOW HITPOINT WARNING * * *
The lemure hits you!
You die...

#.# r≈≈#...... ..
#.# ≈r≈# #.#≈≈∩≈#
####.#r≈≈≈#
#..#.#rr≈≈+ ..
#...######.######..
#.........##?..#.
#.5#######.....
#@5# #(..# #h5K#
###..#
#5#..###.#...##
#.............#
#.............)#
#######.....#..#
##...##.....
##........#.
##.......#


You could see Pikel, 4 lemures and a hound.

Vanquished Creatures
  A sky beast (D:6)
  2 ogres
  A centaur (D:6)
  An orc priest (D:3)
  An iguana (D:5)
  Terence (D:2)
  An orc wizard (D:4)
  3 worker ants
  A killer bee zombie (D:5)
  8 adders
  2 shadow imps (D:6)
  An ufetubus (D:5)
  4 worms
  2 dart slugs
  5 leopard geckos
  6 orcs
  7 bats
  A bat zombie (D:2)
  7 giant cockroaches
  4 goblins
  9 hobgoblins
  12 jackals
  6 quokkas
  8 frilled lizards
  5 kobolds
  A quokka skeleton (D:4)
  6 rats
106 creatures vanquished.

Notes
Turn   | Place    | Note
-------+----------+-------------------------------------------
     0 | D:1      | jasper the Human Wanderer began the quest for the Orb.
     0 | D:1      | jasper set off with the following items: a +0 club, a +0
                  | robe; and the following spells available to memorise:
                  | Freeze, Magic Dart, Searing Ray, Summon Small Mammal,
                  | Ozocubu's Armour, Dazzling Flash, Summon Guardian Golem,
                  | Fulminant Prism, Iskenderun's Mystic Blast
     0 | D:1      | Reached XP level 1. HP: 13/13 MP: 4/4
     2 | D:1      | Learned a level 1 spell: Magic Dart
   127 | D:1      | Reached XP level 2. HP: 7/19 MP: 1/6
   130 | D:1      | Learned a level 2 spell: Searing Ray
   595 | D:1      | Reached skill level 3 in Conjurations
   871 | D:1      | Reached XP level 3. HP: 24/24 MP: 5/7
  1188 | D:2      | Found a sparkling altar of Nemelex Xobeh.
  1188 | D:2      | Found a basalt altar of Yredelemnul.
  1188 | D:2      | Found a blossoming altar of Fedhas.
  1367 | D:2      | Found an ancient bone altar of Kikubaaqudgha.
  1718 | D:2      | Noticed Terence
  1722 | D:2      | Killed Terence
  1723 | D:2      | Reached skill level 4 in Conjurations
  1723 | D:2      | Reached XP level 4. HP: 18/30 MP: 2/8
  2226 | D:2      | Found a glowing golden altar of the Shining One.
  2538 | D:3      | Reached skill level 5 in Conjurations
  2538 | D:3      | Reached XP level 5. HP: 25/35 MP: 0/9
  3016 | D:3      | Learned a level 3 spell: Ozocubu's Armour
  3021 | D:3      | Learned a level 4 spell: Iskenderun's Mystic Blast
  3793 | D:4      | Reached XP level 6. HP: 41/41 MP: 6/10
  3885 | D:4      | Found a staircase to the Ecumenical Temple.
  3899 | Temple   | Entered the Ecumenical Temple
  3931 | Temple   | Became a worshipper of Cheibriados the Contemplative
  4132 | D:4      | Found a shimmering altar of Xom.
  4133 | D:4      | Found a shimmering altar of Xom.
  4134 | D:4      | Found a shimmering altar of Xom.
  4135 | D:4      | Found a shimmering altar of Xom.
  4135 | D:4      | Found a shimmering altar of Xom.
  4136 | D:4      | Found a shimmering altar of Xom.
  4172 | D:4      | Reached skill level 6 in Conjurations
  4207 | D:4      | Found a sacrificial altar of Ru.
  4439 | D:4      | Noticed a +0 falchion
  4440 | D:4      | Noticed a +0 falchion
  4441 | D:4      | Noticed a +0 short sword
  4441 | D:4      | Noticed a +0 short sword
  4441 | D:4      | Noticed a +0 dagger
  4441 | D:4      | Noticed a +0 spear
  4442 | D:4      | Noticed a +0 dagger
  4442 | D:4      | Noticed a +0 spear
  4471 | D:4      | Found a stormy altar of Qazlal.
  4488 | D:4      | Found a glowing silver altar of Zin.
  4488 | D:4      | Found a burning altar of Makhleb.
  4516 | D:4      | Found a hide-covered altar of Uskayaw.
  4539 | D:4      | Noticed an ogre
  4545 | D:4      | Killed an ogre
  5224 | D:4      | Reached XP level 7. HP: 46/46 MP: 7/11
  5452 | D:5      | Entered Level 5 of the Dungeon
  5487 | D:5      | Reached skill level 7 in Conjurations
  6128 | D:5      | Reached * piety under Cheibriados
  6295 | D:5      | Found Kekimpy's Distillery.
  6298 | D:5      | Bought a potion of heal wounds for 65 gold pieces
  6298 | D:5      | Bought 2 potions of curing for 78 gold pieces
  6298 | D:5      | Bought a potion of heal wounds for 65 gold pieces
  6339 | D:5      | Found a runed translucent gate.
  6339 | D:5      | Noticed ShadowManNeo's ghost (amateur DrCj)
  6342 | D:5      | Found a runed translucent gate.
  6342 | D:5      | Found a runed translucent gate.
  6348 | D:5      | Found Xuzemali's Distillery.
  6397 | D:5      | Found Qaakh's Magic Scroll Shoppe.
  6698 | D:6      | Reached skill level 8 in Conjurations
  6891 | D:6      | Found a glowing drain.
  6919 | D:6      | Reached XP level 8. HP: 11/52 MP: 6/12
  6939 | D:6      | Noticed Pikel
  6956 | D:6      | Slain by a lemure

Illustrated notes

Levels and vault maps discovered:
D:1:      psy_arrival_statuary, layout_loops_ring
D:2:      layout_loops_ring, lemuel_zombie_altar_kikubaaqudgha,
          gammafunk_temple_overflow_claw, nicolae_tso_swordbearing_angel,
          uniq_terence
D:3:      layout_basic, hangedman_decor_push
D:4:      layout_basic, nicolae_ru_great_annihilating_truth,
          nicolae_uskayaw_en_pointe, xom_redecorated, minitemple,
          minmay_temple_entry_mini_moons, chequers_serial_rivers_small_3
D:5:      layout_loops_corners, serial_shops, shop, nicolae_shop_behind_doors,
          shop_statue, ebering_ghost_rock_garden, minmay_misc_feat_room
D:6:      cheibrodos_helix_gallery, layout_cave_pools, serial_shops,
          nicolae_shop_waterfront, portal_sewer_entry_c, hangedman_decor_lopped,
          uniq_crazy_yiuf_cottage, uniq_pikel
Temple:   kb_corrupted_temple

Skill      XL: |  1  2  3  4  5  6  7 |
---------------+----------------------+-----
Conjurations   | 3 4 5 6 8 |  8.6
Shields        | |  1.0
Spellcasting   | |  3.0
Ice Magic      | |  2.0
Air Magic      | |  1.0
Evocations     | |  1.0

Action                   |  1- 3 |  4- 6 |  7- 9 || total
-------------------------+-------+-------+-------++-------
Melee: Club              |     9 |       |       ||     9
       Whip              |    21 |    66 |     8 ||    95
 Cast: Magic Dart        |    54 |    46 |    18 ||   118
       Searing Ray       |     1 |    12 |    13 ||    26
  Use: Scroll            |       |     3 |       ||     3
       Potion            |       |       |     4 ||     4
 Stab: Sleeping          |       |     2 |       ||     2
       Paralysed         |       |     1 |       ||     1
Armor: Robe              |    17 |    27 |     9 ||    53
Dodge: Dodged            |    26 |    49 |    38 ||   113

Table legend: (Time is in decaauts)
 A = Elapsed time spent in this place.
 B = Non-inter-level travel time spent in this place.
 C = Inter-level travel time spent in this place.
 D = Time resting spent in this place.
 E = Time spent auto-exploring this place.
 F = Levels seen in this place.
 G = Mean time per level.
                   A        B        C        D        E       F      G
               +--------+--------+--------+--------+--------+-----+--------+
         Total |   7495 |   7243 |    252 |    115 |   6453 |   7 | 1070.7 |
       Dungeon |   7435 |   7206 |    229 |    115 |   6434 |   6 | 1239.2 |
        Temple |     59 |     36 |     23 |      0 |     19 |   1 |   59.0 |
               +--------+--------+--------+--------+--------+-----+--------+

Top non-repeatable levels by time:
     D:4: 2035 daAuts
     D:5: 1337 daAuts
     D:2: 1327 daAuts
     D:1: 1154 daAuts
     D:3: 1134 daAuts
     D:6: 447 daAuts
  Temple: 59 daAuts
